 Dungeon Sprint DCSS version 0.31.0-32-g396128a36d (webtiles) character file.

Game seed: 14693284920886010085

2541 Heoruswealwe the Impaler (level 9, -10/93 HPs)
             Began as a Minotaur Fighter on Mar 8, 2024.
             Was an Initiate of Gozag.
             Mangled by a boulder beetle (15 damage)
             ... in the Dungeon (Sprint IX: "|||||||||||||||||||||||||||||").
             The game lasted 00:02:50 (382 turns).

Heoruswealwe the Impaler (Minotaur Fighter)          Turns: 382, Time: 00:02:52

Health: -10/93     AC: 19    Str: 25    XL:     9   Next: 30%
Magic:  8/8        EV: 10    Int:  5    God:    Gozag
Gold:   891        SH:  0    Dex: 10    Spells: 8/8 levels left

rFire   . . .        b - +2 halberd (vamp)
rCold   . . .        (shield currently unavailable)
rNeg    . . .        c - +0 plate armour
rPois   .            (helmet restricted)
rElec   .            (no cloak)
rCorr   .            f - +0 pair of gloves
SInv    .            (no boots)
Will    .....        (no amulet) Stlth
                     k - +2 ring of evasion
HPRegen 0.35/turn    j - +2 ring of protection
MPRegen 0.11/turn

%: no teleportation
@: no status effects
A: horns 2, retaliatory headbutt
a: Renounce Religion, Potion Petition, Call Merchant, Bribe Branch


You were in the Dungeon.
You worshipped Gozag.
Gozag was pleased with you.
You visited 1 branch You collected 891 gold pieces.

Inventory:

Hand Weapons
 a - a +0 trident
 b - a +2 vampiric halberd (weapon)
Armour
 c - a +0 plate armour (worn)
 d - a +0 buckler
 f - a +0 pair of gloves (worn)
Jewellery
 j - a +2 ring of protection (right hand)
 k - a +2 ring of evasion (left hand)
Wands
 h - a wand of iceblast (10)
Scrolls
 n - 2 scrolls of blinking
Potions
 e - 5 potions of curing
 g - a potion of haste
 i - a potion of berserk rage
 l - a potion of heal wounds
 m - a potion of might


   Skills:
 + Level 13.3 Fighting
 * Level 17.8 Polearms
 + Level 13.3 Armour
 - Level 3.6 Shields


You had 8 spell levels left.
You didn't know any spells.
Your spell library was empty.

Dungeon Overview and Level Annotations

Branches:
Dungeon (1/1)

Altars:
Cheibriados
Dithmenos
Elyvilon
Fedhas
Gozag
Hepliaklqana
Kikubaaqudgha
Makhleb
Nemelex Xobeh
Okawaru
Qazlal
Ru
Sif Muna
Trog
Uskayaw
Vehumet
Wu Jian
Xom
Yredelemnul
Zin
The Shining One
Jiyva
Lugonu


Innate Abilities, Weirdness & Mutations

You have a pair of horns on your head.
You reflexively headbutt those who attack you in melee.


Message History

The boulder beetle bites you!!
* * * LOW HITPOINT WARNING * * *
You feel much better.
The skeletal warrior hits you but does no damage.
The boulder beetle bites you!
You barely miss the boulder beetle. You headbutt the boulder beetle!
The boulder beetle is heavily wounded.
The skeletal warrior hits you from afar with a +0 halberd.
You slash the boulder beetle!
You feel better.
The boulder beetle is heavily wounded.
The boulder beetle barely misses you.
The skeletal warrior hits you from afar with a +0 halberd!
* * * LOW HITPOINT WARNING * * *
You hit the boulder beetle but do no damage.
The boulder beetle is heavily wounded.
The boulder beetle bites you!
* * * LOW HITPOINT WARNING * * *
You feel much better.
The skeletal warrior closely misses you.
The boulder beetle bites you but does no damage.
You hit the boulder beetle but do no damage.
You headbutt the boulder beetle, but do no damage.
The boulder beetle is heavily wounded.
The skeletal warrior barely misses you.
You slash the boulder beetle!
The boulder beetle is severely wounded.
The boulder beetle bites you but does no damage.
The skeletal warrior hits you from afar with a +0 halberd.
* * * LOW HITPOINT WARNING * * *
You puncture the boulder beetle!
You feel better.
The boulder beetle is almost dead.
The boulder beetle bites you!
* * * LOW HITPOINT WARNING * * *
You barely miss the boulder beetle.
The boulder beetle is almost dead.
The skeletal warrior hits you from afar with a +0 halberd!
* * * LOW HITPOINT WARNING * * *
The boulder beetle bites you!
You die...
Your body crumbles into a pile of gold. ▓▓▓▓▓▓▓▓▓▓▓▓▓▓▓▓▓▓▓▓▓▓▓▓ '!?)[[....')...B@$z..... ▓▓▓▓▓▓▓▓▓▓▓▓▓▓▓▓▓▓▓▓▓▓▓▓

You could see a boulder beetle and a skeletal warrior.

Vanquished Creatures
  A two-headed ogre (D)
  A centaur warrior (D)
  A cane toad (shapeshifter) (D)
  2 trolls (D)
  A basilisk (D)
  A vampire mosquito (D)
  2 centaurs (D)
  2 bombardier beetles (D)
  A hound (D)
  An adder (D)
  An endoplasm (D)
  A giant cockroach (D)
  A kobold (D)
  2 quokkas (D)
  A bat (D)
19 creatures vanquished.

Vanquished Creatures (others)
  An unseen horror (D)
1 creature vanquished.

Grand Total: 20 creatures vanquished

Notes
Turn   | Place    | Note
-------+----------+-------------------------------------------
     0 | D        | Heoruswealwe the Minotaur Fighter began the quest for the
                  | Orb.
     0 | D        | Reached XP level 1. HP: 19/19 MP: 0/0
     9 | D        | Reached skill level 3 in Polearms
    25 | D        | Noticed a hound
    25 | D        | Noticed a bombardier beetle
    25 | D        | Noticed a bombardier beetle
    31 | D        | Killed a hound
    32 | D        | Reached skill level 5 in Fighting
    32 | D        | Reached skill level 6 in Polearms
    32 | D        | Reached skill level 5 in Armour
    32 | D        | Reached XP level 2. HP: 29/29 MP: 1/1
    32 | D        | Reached XP level 3. HP: 36/36 MP: 2/2
    43 | D        | Reached skill level 7 in Polearms
    43 | D        | Reached XP level 4. HP: 24/44 MP: 3/3
    46 | D        | Reached skill level 8 in Polearms
    51 | D        | Found a snail-covered altar of Cheibriados.
    51 | D        | Found a shadowy altar of Dithmenos.
    51 | D        | Found a white marble altar of Elyvilon.
    51 | D        | Found a blossoming altar of Fedhas.
    51 | D        | Found an opulent altar of Gozag.
    52 | D        | Found a hazy altar of Hepliaklqana.
    53 | D        | Found a viscous altar of Jiyva.
    54 | D        | Found an ancient bone altar of Kikubaaqudgha.
    55 | D        | Found a corrupted altar of Lugonu.
    56 | D        | Found a burning altar of Makhleb.
    57 | D        | Found a sparkling altar of Nemelex Xobeh.
    58 | D        | Found an iron altar of Okawaru.
    59 | D        | Became a worshipper of Gozag Ym Sagoz the Greedy
    60 | D        | Found a stormy altar of Qazlal.
    61 | D        | Found a sacrificial altar of Ru.
    62 | D        | Found a shimmering blue altar of Sif Muna.
    63 | D        | Found a bloodstained altar of Trog.
    64 | D        | Found a hide-covered altar of Uskayaw.
    65 | D        | Found a radiant altar of Vehumet.
    66 | D        | Found an ornate altar of the Wu Jian Council.
    67 | D        | Found a shimmering altar of Xom.
    68 | D        | Found a basalt altar of Yredelemnul.
    69 | D        | Found a glowing silver altar of Zin.
    70 | D        | Found a glowing golden altar of the Shining One.
   134 | D        | Noticed a centaur
   134 | D        | Noticed a troll
   134 | D        | Noticed a centaur
   134 | D        | Noticed a two-headed ogre
   134 | D        | Noticed a troll
   137 | D        | Killed an unseen horror
   138 | D        | Reached skill level 10 in Polearms
   138 | D        | Reached XP level 5. HP: 40/53 MP: 4/4
   148 | D        | Killed a two-headed ogre
   149 | D        | Reached skill level 10 in Fighting
   149 | D        | Reached skill level 14 in Polearms
   149 | D        | Reached skill level 10 in Armour
   149 | D        | Reached XP level 6. HP: 56/67 MP: 5/5
   149 | D        | Reached XP level 7. HP: 61/73 MP: 6/6
   158 | D        | Killed a troll
   159 | D        | Reached skill level 15 in Polearms
   159 | D        | Reached XP level 8. HP: 75/82 MP: 7/7
   165 | D        | Killed a troll
   352 | D        | Noticed a centaur warrior
   352 | D        | Noticed a cane toad
   352 | D        | Noticed a boulder beetle
   352 | D        | Noticed a skeletal warrior
   360 | D        | Killed a centaur warrior
   361 | D        | Reached skill level 16 in Polearms
   361 | D        | Reached XP level 9. HP: 92/92 MP: 8/8
   363 | D        | Killed a cane toad
   364 | D        | Reached skill level 17 in Polearms
   382 | D        | Mangled by a boulder beetle

Illustrated notes

Levels and vault maps discovered:
D:        linesprint [early_d, line_temple, items_1, d_10, items_2, lair_1,
          lair_end, items_3, orc_1, orc_end, items_4, d_15, swamp_1, shoals_1,
          snake_1, spider_1, d_20, vaults_1, items_5, swamp_end, shoals_end,
          snake_end, spider_end, vaults_end, d_27, items_6, zot_1, zot_end,
          crypt_end, forest_end, elf_end, slime_end, tomb_end, abyss_end,
          pan_hell_end]

Skill      XL: |  1  2  3  4  5  6  7  8  9 |
---------------+----------------------------+-----
Polearms       | 6 7 10 14 15 16 17 | 17.8
Fighting       | 5 6 8 10 11 12 13 | 13.3
Armour         | 5 6 8 10 11 12 13 | 13.3
Shields        | |  3.6

Action                     |  1- 3 |  4- 6 |  7- 9 || total
---------------------------+-------+-------+-------++-------
  Melee: Trident           |    24 |     3 |       ||    27
         Headbutt          |     2 |     6 |     9 ||    17
         Halberd           |       |    13 |    43 ||    56
    Use: Potion            |       |       |     2 ||     2
   Stab: Distracted        |       |       |     1 ||     1
 Armour: Scale mail        |    17 |     1 |       ||    18
         Plate armour      |       |    23 |    55 ||    78
  Dodge: Dodged            |     7 |     8 |    24 ||    39
  Block: Buckler           |     3 |       |       ||     3
